 Dungeon Crawl Stone Soup version 0.28-a0-206-gc2c9e32840 (webtiles) character file.

Game seed: 11340163106208644055

1838 a11behringer the Carver (level 8, -1/62 HPs)
             Began as a Palentonga Fighter on Aug 21, 2021.
             Succumbed to a gnoll sergeant's poison
             ... on level 6 of the Dungeon.
             The game lasted 00:42:41 (5825 turns).

a11behringer the Carver (Palentonga Fighter)        Turns: 5825, Time: 00:42:41

Health: -1/62      AC: 12    Str: 20    XL:     8   Next: 87%
Magic:  8/8        EV:  3    Int:  8    God:
Gold:   257        SH:  9    Dex: 12    Spells: 7/7 levels left

rFire   . . .      SeeInvis +   a - +0 long sword
rCold   . . .      Faith    .   c - +0 kite shield
rNeg    . . .      Spirit   .   E - +0 plate armour
rPois   .          Reflect  .   u - +0 helmet
rElec   .          Harm     .   B - scarf {repulsion}
rCorr   .          Rampage  .   n - +0 pair of gloves
Will    +....                   (no barding)
Stlth   ..........              (no amulet)
HPRegen 0.20/turn               t - ring of willpower
MPRegen 0.11/turn               (no ring)

@: mighty, lethally poisoned (-1 -> -13), very slightly contaminated, repel
missiles
A: large, rugged brown scales 3, see invisible, deformed body, roll 1, armoured
tail, reflexive curl
a: Rolling Charge


You were on level 6 of the Dungeon.
You visited 2 branches of the dungeon, and saw 7 of its levels.
You also visited: Sewer.

You collected 257 gold pieces.

Inventory:

Hand Weapons
 a - a +0 long sword (weapon)
 y - a +0 long sword
 H - a +4 short sword
 J - a +0 vampiric rapier
Missiles
 C - 22 sling bullets
 F - 15 bolts
Armour
 b - a +0 scale mail
 c - a +0 kite shield (worn)
 n - a +0 pair of gloves (worn)
 o - a +0 chain mail
 u - a +0 helmet (worn)
 B - a scarf of repulsion (worn)
 E - a +0 plate armour (worn)
Magical Staves
 j - a staff of air
Jewellery
 t - a ring of willpower (left hand)
Scrolls
 i - 2 scrolls of immolation {unknown}
 k - a scroll of amnesia {unknown}
 l - a scroll of magic mapping {unknown}
 m - 2 scrolls of noise {unknown}
 r - a scroll of fear
 w - a scroll of fog
 D - 2 scrolls of vulnerability {unknown}
 G - a scroll of teleportation {unknown}
Potions
 d - a potion of might
 f - 2 potions of brilliance
 g - 2 potions of heal wounds {unknown}
 h - 3 potions of invisibility
 p - a potion of experience {unknown}
 q - 2 potions of magic
 s - a potion of haste {unknown}
 v - a potion of degeneration
 x - a potion of berserk rage {unknown}
 z - 2 potions of curing
 A - a potion of attraction {unknown}
 I - a potion of lignification {unknown}


   Skills:
 - Level 3.2 Fighting
 * Level 9.0 Long Blades
 + Level 4.7 Armour
 + Level 1.5 Dodging
 + Level 4.7 Shields


You had 7 spell levels left.
You didn't know any spells.
Your spell library contained the following spells:

 Spells                   Type           Power      Damage    Failure   Level
 Summon Lightning Spire   Summ/Air       0%         N/A       100%        4
 Storm Form               Tmut/Air       0%         N/A       100%        7
 Maxwell's Capacitive Co  Air            0%         ∞         100%        8


Dungeon Overview and Level Annotations

Branches:
Dungeon (6/15)             Temple (1/1) D:6           Sewer (visited)

Altars:
Ashenzari
Cheibriados
Dithmenos
Elyvilon
Gozag
Hepliaklqana
Kikubaaqudgha
Qazlal
Ru
Sif Muna
Trog
Uskayaw
Vehumet
Wu Jian
Xom
Yredelemnul
Zin
The Shining One

Shops:
D:5 =


Innate Abilities, Weirdness & Mutations

You are completely covered in rugged brown scales. (AC +3, +7% HP)
You have supernaturally acute eyesight. (SInv)
Armour fits poorly on your strangely shaped body.
You can roll at nearby foes to attack.
You have a long armoured tail.
You curl defensively after being hit.


Message History

You feel sick.
You feel sick.
You feel sick.
You are no longer poisoned.
It was a potion of curing.
You feel better.
You fade into invisibility!
You are very lightly contaminated with residual magic.
You block the gnoll's attack.
You flicker for a moment.
You flicker back into view.
You feel very mighty all of a sudden.
The gnoll sergeant hits you but does no damage.
You are poisoned.
Roll where?
Press: ? - help, Q - select action Dir - move target, f - gnoll sergeant
Aim: a gnoll sergeant, wielding a +5 spear of venom and wearing a +0 ring mail You roll forward with a clatter of scales!
You slash the gnoll sergeant!
Your tail-slap misses the gnoll sergeant.
The gnoll sergeant is moderately wounded.
You feel very sick.
You hear a shout! x2
You block the gnoll sergeant's attack. The gnoll barely misses you.
You hit the gnoll sergeant.
The gnoll sergeant is heavily wounded.
You feel sick.
The gnoll sergeant hits you with a +5 spear of venom.
* * * LOW HITPOINT WARNING * * *
You are lethally poisoned!
You block the gnoll's attack.
You barely miss the gnoll sergeant.
The gnoll sergeant is heavily wounded.
* * * LOW HITPOINT WARNING * * *
You feel very sick.
The gnoll sergeant hits you with a +5 spear of venom!
* * * LOW HITPOINT WARNING * * *
The gnoll hits you but does no damage.
You slash the gnoll sergeant!
You kill the gnoll sergeant!
You die...

...g................
##.....g.g..........
##...#####g###......
.'...'....g.........
##...#####.###.###+#
##...# #g# #.# ### #..##
#.# #.# ...#
#..######.###g####....##
##...........g)@°......#
############g#####....#
. ...# ..# ...... . #
######## # ### # #<# ##
#.# .# #.#


You could see 3 gnolls.

Vanquished Creatures
  Eustachio (D:5)
  Duvessa (D:5)
  2 sky beasts
  An ice beast (D:5)
  A necrophage (D:5)
  2 black bears (D:5)
  3 ogres
  A phantom (D:4)
  A scorpion (D:4)
  A gnoll sergeant (D:6)
  A wyvern skeleton (D:6)
  A water moccasin zombie (D:5)
  Dowan (D:5)
  2 water moccasin skeletons
  2 hounds
  An orc priest (D:3)
  2 iguanas (D:5)
  A scorpion zombie (D:5)
  A howler monkey zombie (D:6)
  10 adders
  A river rat (D:3)
  A white imp (D:5)
  An ufetubus (D:6)
  An adder skeleton (D:4)
  3 worms
  2 dart slugs (D:1)
  2 orcs
  12 ball pythons
  8 bats
  7 endoplasms
  4 giant cockroaches
  8 goblins
  7 hobgoblins
  13 jackals
  17 kobolds
  3 quokkas (D:1)
  6 frilled lizards
  4 rats
  A butterfly (D:6)
137 creatures vanquished.

Vanquished Creatures (others)
  A fungus (D:1)
  21 plants
22 creatures vanquished.

Grand Total: 159 creatures vanquished

Notes
Turn   | Place    | Note
-------+----------+-------------------------------------------
     0 | D:1      | a11behringer the Palentonga Fighter began the quest for the
                  | Orb.
     0 | D:1      | Reached XP level 1. HP: 19/19 MP: 1/1
   111 | D:1      | Reached XP level 2. HP: 22/25 MP: 2/2
   307 | D:1      | Found a faded altar of an unknown god.
   334 | D:1      | Reached XP level 3. HP: 18/31 MP: 3/3
  1025 | D:2      | Reached skill level 3 in Long Blades
  1133 | D:2      | Reached XP level 4. HP: 33/37 MP: 4/4
  1567 | D:3      | Found a glowing drain.
  1577 | D:3      | Reached skill level 1 in Dodging
  1610 | Sewer    | Entered a sewer
  2161 | Sewer    | Reached XP level 5. HP: 38/43 MP: 5/5
  2500 | D:3      | Found a stormy altar of Qazlal.
  2501 | D:3      | Found a white marble altar of Elyvilon.
  2615 | D:3      | Reached skill level 4 in Long Blades
  3142 | D:4      | Noticed a sky beast
  3144 | D:4      | Noticed an ogre
  3184 | D:4      | Killed an ogre
  3185 | D:4      | Reached XP level 6. HP: 50/50 MP: 6/6
  3203 | D:4      | Killed a sky beast
  3204 | D:4      | Reached skill level 5 in Long Blades
  3350 | D:4      | Gained mutation: You curl defensively after being hit.
                  | [Palentonga growth]
  3350 | D:4      | Reached XP level 7. HP: 23/55 MP: 7/7
  3360 | D:4      | Found a snail-covered altar of Cheibriados.
  3583 | D:4      | Reached skill level 6 in Long Blades
  3791 | D:5      | Entered Level 5 of the Dungeon
  3886 | D:5      | Found Ysaucu's Jewellery Emporium.
  3886 | D:5      | Noticed Duvessa
  3888 | D:5      | Noticed Dowan
  3937 | D:5      | Killed Dowan
  4182 | D:5      | Killed Duvessa
  4183 | D:5      | Reached skill level 7 in Long Blades
  4453 | D:5      | Reached XP level 8. HP: 62/62 MP: 8/8
  4499 | D:5      | Found a hide-covered altar of Uskayaw.
  4606 | D:5      | Noticed Eustachio
  4671 | D:5      | Killed Eustachio
  4908 | D:5      | Reached skill level 8 in Long Blades
  5336 | D:6      | Found a staircase to the Ecumenical Temple.
  5346 | Temple   | Entered the Ecumenical Temple
  5584 | D:6      | Reached skill level 9 in Long Blades
  5824 | D:6      | HP: 2/62 [gnoll sergeant (7)]
  5825 | D:6      | Succumbed to a gnoll sergeant's poison

Illustrated notes

Levels and vault maps discovered:
D:1:      matt_arrival_los_fun, layout_basic,
          shapermc_ecumenical_altar_acropolis
D:2:      layout_basic, minmay_misc_feat_encased
D:3:      layout_rooms, gammafunk_temple_overflow_statue,
          cheibrodos_sewer_entry_sluice, minmay_misc_feat_more_columns,
          minmay_randomly_rotated_circles
D:4:      layout_basic, mainiacjoe_overflow_alcove_2
D:5:      layout_loops_ring, mainiacjoe_overflow_catwalk,
          nicolae_inconvenience_store, uniq_duvessa, uniq_eustachio
D:6:      layout_basic, minmay_temple_entry_butterflies, minmay_small_thing
Temple:   zaba_magenta_temple

Skill      XL: |  1  2  3  4  5  6  7  8 |
---------------+-------------------------+-----
Long Blades    | 3 4 5 7 9 |  9.0
Dodging        | 1 |  1.5
Armour         | 3 4 |  4.7
Shields        | 3 4 |  4.7
Fighting       | |  3.2

Action                   |  1- 3 |  4- 6 |  7- 9 || total
-------------------------+-------+-------+-------++-------
Melee: Long sword        |    93 |   232 |   202 ||   527
       Tailslap          |     9 |    26 |    28 ||    63
 Abil: Rolling Charge    |     5 |     6 |    10 ||    21
  Use: Scroll            |       |     3 |     5 ||     8
       Potion            |       |     1 |     4 ||     5
Armor: Scale mail        |    44 |    21 |       ||    65
       Chain mail        |       |    93 |       ||    93
       Plate armour      |       |    66 |   143 ||   209
Dodge: Dodged            |    22 |    34 |    20 ||    76
Block: Kite shield       |    41 |   117 |    88 ||   246
       Rpst.: Long sword |     7 |    14 |     8 ||    29

Table legend: (Time is in decaauts)
 A = Elapsed time spent in this place.
 B = Non-inter-level travel time spent in this place.
 C = Inter-level travel time spent in this place.
 D = Time resting spent in this place.
 E = Time spent auto-exploring this place.
 F = Levels seen in this place.
 G = Mean time per level.
                   A        B        C        D        E       F      G
               +--------+--------+--------+--------+--------+-----+--------+
         Total |   6159 |   4618 |   1541 |      0 |   2846 |   8 |  769.9 |
       Dungeon |   5022 |   3580 |   1442 |      0 |   2420 |   6 |  837.0 |
        Temple |    160 |     61 |     99 |      0 |     57 |   1 |  160.0 |
         Sewer |    976 |    976 |      0 |      0 |    369 |   1 |  976.0 |
               +--------+--------+--------+--------+--------+-----+--------+

Top non-repeatable levels by time:
     D:5: 1526 daAuts
   Sewer: 976 daAuts
     D:1: 933 daAuts
     D:3: 771 daAuts
     D:4: 737 daAuts
     D:2: 670 daAuts
     D:6: 382 daAuts
  Temple: 160 daAuts
